NCAA
STANFORD CARDINAL @ SOUTH CAROLINA GAMECOCKS
05/17/2027
 
TOP OF THE 1ST
Stanford Cardinal batting - Pitching for South Carolina Gamecocks : RHP Jim Pope
Pitching: RHP Jim Pope
Batting: SHB Jimmy Wilson 0-0: Called Strike
0-1: Ball
1-1: Ball
2-1: Fly out, F6 (Line Drive, 6)
Batting: LHB Geoffrey Bird 0-0: Ball
1-0: Called Strike
1-1: DOUBLE (Line Drive, 78XD)
Batting: RHB Fernando Vargas 0-0: Called Strike
0-1: Ground out 5-3 (Groundball, 56)
Batting: RHB Rick McDonald 0-0: Ball
1-0: Ball
2-0: Ground out 4-3 (Groundball, 4MD)
Top of the 1st over - 0 run(s), 1 hit(s), 0 error(s), 1 left on base; Stanford 0 - South Carolina 0
BOTTOM OF THE 1ST
South Carolina Gamecocks batting - Pitching for Stanford Cardinal : RHP Luis Manuel De Jesús
Pitching: RHP Luis Manuel De Jesús
Batting: RHB Rob DeWitt 0-0: SINGLE (Groundball, 6MD)
Batting: RHB Edward Green 0-0: Called Strike
Rob DeWitt steals 2nd base
0-1: Swinging Strike
0-2: Ball
1-2: Foul Ball, location: 2F
1-2: Ball
2-2: Strikes out swinging
Batting: LHB Bill Walter 0-0: Ball
1-0: Ball
2-0: Called Strike
2-1: Called Strike
2-2: Strikes out swinging, 2-3 out at first.
Batting: LHB Chandler Pitts 0-0: Called Strike
0-1: Ball
1-1: Foul Ball, location: 2F
1-2: Ball
2-2: Ball
3-2: Foul Ball, location: 2F
3-2: SINGLE (Line Drive, 4M)
Rob DeWitt to third
Rob DeWitt scores
Batting: RHB Fernando Pérez 0-0: Foul Ball, location: 2F
0-1: Ball
1-1: Fly out, F8 (Flyball, 8RM)
Bottom of the 1st over - 1 run(s), 2 hit(s), 0 error(s), 1 left on base; Stanford 0 - South Carolina 1
TOP OF THE 2ND
Stanford Cardinal batting - Pitching for South Carolina Gamecocks : RHP Jim Pope
Batting: RHB Scott McGuire 0-0: Called Strike
0-1: Ball
1-1: Foul Ball, location: 2F
1-2: Ball
2-2: Strikes out swinging
Batting: RHB Jimmie Powell 0-0: Ball
1-0: Ball
2-0: Foul Ball, location: 2F
2-1: Ball
3-1: Fly out, F9 (Flyball, 9LMF)
Batting: SHB Haywood Bass 0-0: Ball
1-0: Foul Ball, location: 2F
1-1: Foul Ball, location: 2F
1-2: DOUBLE (Line Drive, 7LM)
Batting: RHB Jake Jeffries 0-0: Ball
1-0: Called Strike
1-1: Foul Ball, location: 2F
1-2: Strikes out swinging
Top of the 2nd over - 0 run(s), 1 hit(s), 0 error(s), 1 left on base; Stanford 0 - South Carolina 1
BOTTOM OF THE 2ND
South Carolina Gamecocks batting - Pitching for Stanford Cardinal : RHP Luis Manuel De Jesús
Batting: RHB Ryan Campbell 0-0: Foul Ball, location: 2F
0-1: SINGLE (Line Drive, 6MD)
Batting: RHB José Martínez 0-0: Ball
1-0: Ball
2-0: Ball
3-0: Base on Balls
Ryan Campbell to second
Batting: RHB José Maldonado 0-0: Ball
1-0: Grounds into double play, 6-4-3 (Groundball, 6)
Ryan Campbell to third
Batting: RHB Mason Melton 0-0: Called Strike
0-1: Ball
1-1: Swinging Strike
1-2: Fly out, F9 (Flyball, 9S)
Bottom of the 2nd over - 0 run(s), 1 hit(s), 0 error(s), 1 left on base; Stanford 0 - South Carolina 1
TOP OF THE 3RD
Stanford Cardinal batting - Pitching for South Carolina Gamecocks : RHP Jim Pope
Batting: RHB Dylan Wolf 0-0: Called Strike
0-1: Fly out, F7 (Flyball, 7D)
Batting: SHB Jimmy Wilson 0-0: Called Strike
0-1: Foul Ball, location: 2F
0-2: Ball
1-2: Ball
2-2: Ground out 4-3 (Groundball, 4)
Batting: LHB Geoffrey Bird 0-0: Swinging Strike
0-1: Ball
1-1: Ball
2-1: Swinging Strike
2-2: Foul Ball, location: 2F
2-2: Strikes out swinging
Top of the 3rd over - 0 run(s), 0 hit(s), 0 error(s), 0 left on base; Stanford 0 - South Carolina 1
BOTTOM OF THE 3RD
South Carolina Gamecocks batting - Pitching for Stanford Cardinal : RHP Luis Manuel De Jesús
Batting: RHB Rob DeWitt 0-0: Called Strike
0-1: Swinging Strike
0-2: Ball
1-2: Ball
2-2: Fly out, F8 (Line Drive, 8LD)
Batting: RHB Edward Green 0-0: Ball
1-0: Foul Ball, location: 2F
1-1: Ball
2-1: Ball
3-1: Base on Balls
Batting: LHB Bill Walter 0-0: Ball
1-0: Foul Ball, location: 2F
1-1: Swinging Strike
1-2: Ball
Wild Pitch!
Edward Green to second
2-2: Fly out, F7 (Flyball, 7LS)
Batting: LHB Chandler Pitts 0-0: Called Strike
0-1: Foul Ball, location: 2F
0-2: Ball
1-2: Strikes out swinging
Bottom of the 3rd over - 0 run(s), 0 hit(s), 0 error(s), 1 left on base; Stanford 0 - South Carolina 1
TOP OF THE 4TH
Stanford Cardinal batting - Pitching for South Carolina Gamecocks : RHP Jim Pope
Batting: RHB Fernando Vargas 0-0: Foul Ball, location: 2F
0-1: Foul Ball, location: 2F
0-2: Ball
1-2: SOLO HOME RUN (Flyball, 9D), Distance : 365 ft
Batting: RHB Rick McDonald 0-0: Ground out 6-3 (Groundball, 6)
Batting: RHB Scott McGuire 0-0: Called Strike
0-1: Ball
1-1: Called Strike
1-2: Foul Ball, location: 2F
1-2: Hit by Pitch
Batting: RHB Jimmie Powell 0-0: Called Strike
0-1: Ball
1-1: Swinging Strike
1-2: Strikes out looking
Batting: SHB Haywood Bass 0-0: Ball
1-0: Foul Ball, location: 2F
1-1: Ball
2-1: Swinging Strike
2-2: Foul Ball, location: 2F
2-2: Foul Ball, location: 2F
2-2: Strikes out swinging
Top of the 4th over - 1 run(s), 1 hit(s), 0 error(s), 1 left on base; Stanford 1 - South Carolina 1
BOTTOM OF THE 4TH
South Carolina Gamecocks batting - Pitching for Stanford Cardinal : RHP Luis Manuel De Jesús
Batting: RHB Fernando Pérez 0-0: Ball
1-0: Foul Ball, location: 2F
1-1: Called Strike
1-2: Foul Ball, location: 2F
1-2: Foul Ball, location: 2F
1-2: Foul Ball, location: 2F
1-2: Ball
2-2: Ball
3-2: Foul Ball, location: 2F
3-2: Strikes out swinging
Batting: RHB Ryan Campbell 0-0: Called Strike
0-1: SINGLE (Flyball, 8LM)
Batting: RHB José Martínez 0-0: Called Strike
0-1: Called Strike
0-2: Foul Ball, location: 2F
0-2: Foul Ball, location: 2F
0-2: Fly out, F7 (Flyball, 7)
Batting: RHB José Maldonado 0-0: Ball
1-0: SINGLE (Groundball, 4MD)
Ryan Campbell to second
Runner from 2nd tries for 3rd, SAFE, no throw
Batting: RHB Mason Melton 0-0: Called Strike
0-1: Ball
1-1: Foul Ball, location: 2F
1-2: Ball
2-2: Strikes out swinging
Bottom of the 4th over - 0 run(s), 2 hit(s), 0 error(s), 2 left on base; Stanford 1 - South Carolina 1
TOP OF THE 5TH
Stanford Cardinal batting - Pitching for South Carolina Gamecocks : RHP Jim Pope
Batting: RHB Jake Jeffries 0-0: Ball
1-0: Called Strike
1-1: Ball
2-1: Ball
3-1: Foul Ball, location: 2F
3-2: Base on Balls
Batting: RHB Dylan Wolf 0-0: Called Strike
0-1: Fly out, F6 (Popup, 6D)
Batting: SHB Jimmy Wilson 0-0: Ball
Wild Pitch!
Jake Jeffries to second
1-0: Called Strike
1-1: Ball
2-1: Called Strike
2-2: Strikes out swinging
Batting: LHB Geoffrey Bird 0-0: Ball
1-0: Foul Ball, location: 2F
1-1: Foul Ball, location: 2F
1-2: Foul Ball, location: 2F
1-2: Strikes out looking
Top of the 5th over - 0 run(s), 0 hit(s), 0 error(s), 1 left on base; Stanford 1 - South Carolina 1
BOTTOM OF THE 5TH
South Carolina Gamecocks batting - Pitching for Stanford Cardinal : RHP Luis Manuel De Jesús
Batting: RHB Rob DeWitt 0-0: Ball
1-0: Called Strike
1-1: Ball
2-1: Foul Ball, location: 2F
2-2: Ball
3-2: Foul Ball, location: 2F
3-2: Fly out, F9 (Flyball, 9LS)
Pitching: RHP Marc Miller
Batting: RHB Edward Green 0-0: Called Strike
0-1: Foul Ball, location: 2F
0-2: Strikes out swinging
Batting: LHB Bill Walter 0-0: Foul Ball, location: 2F
0-1: Ground out U3 (Groundball, 3)
Bottom of the 5th over - 0 run(s), 0 hit(s), 0 error(s), 0 left on base; Stanford 1 - South Carolina 1
TOP OF THE 6TH
Stanford Cardinal batting - Pitching for South Carolina Gamecocks : RHP Jim Pope
Pitching: RHP Miguel Esquibel
Batting: RHB Fernando Vargas 0-0: Called Strike
0-1: Called Strike
0-2: Ball
1-2: Ball
2-2: Foul Ball, location: 2F
2-2: Ball
3-2: Base on Balls
Batting: RHB Rick McDonald 0-0: Ball
1-0: Called Strike
1-1: Ball
2-1: Foul Ball, location: 2F
2-2: SINGLE (Groundball, 6MD)
Fernando Vargas to second
Batting: RHB Scott McGuire 0-0: Fly out, F8 (Flyball, 8LM)
Batting: RHB Jimmie Powell 0-0: Ball
1-0: Fielders Choice at 2nd, 1-4 (Groundball, 15S)
Fernando Vargas to third
Batting: SHB Haywood Bass 0-0: Foul Ball, location: 2F
0-1: Ball
Jimmie Powell is caught stealing 2nd base
Top of the 6th over - 0 run(s), 1 hit(s), 0 error(s), 0 left on base; Stanford 1 - South Carolina 1
BOTTOM OF THE 6TH
South Carolina Gamecocks batting - Pitching for Stanford Cardinal : RHP Marc Miller
Batting: LHB Chandler Pitts 0-0: Ball
1-0: Ball
2-0: Ball
3-0: Base on Balls
Batting: RHB Fernando Pérez 0-0: Foul Ball, location: 2F
0-1: Foul Ball, location: 2F
0-2: Ball
1-2: Foul Ball, location: 2F
1-2: Ball
2-2: SINGLE (Line Drive, 6MD)
Chandler Pitts to second
Batting: RHB Ryan Campbell 0-0: Ball
1-0: Called Strike
1-1: Ball
2-1: Foul Ball, location: 2F
2-2: Foul Ball, location: 2F
2-2: Foul Ball, location: 2F
2-2: Ball
3-2: Strikes out looking
Batting: RHB José Martínez 0-0: Called Strike
0-1: Ball
1-1: Foul Ball, location: 2F
1-2: Foul Ball, location: 2F
1-2: Strikes out swinging
Batting: RHB José Maldonado 0-0: Foul Ball, location: 2F
0-1: Swinging Strike
0-2: Strikes out swinging
Bottom of the 6th over - 0 run(s), 1 hit(s), 0 error(s), 2 left on base; Stanford 1 - South Carolina 1
TOP OF THE 7TH
Stanford Cardinal batting - Pitching for South Carolina Gamecocks : RHP Miguel Esquibel
Pinch Hitting: RHB Millard Long 0-0: Ball
1-0: Swinging Strike
1-1: Ball
2-1: Called Strike
2-2: Strikes out swinging
Batting: RHB Jake Jeffries 0-0: Foul Ball, location: 2F
0-1: Ball
1-1: Ball
2-1: Swinging Strike
2-2: Ball
3-2: Base on Balls
Batting: RHB Dylan Wolf 0-0: Ball
1-0: Called Strike
1-1: Ball
2-1: Ball
3-1: Base on Balls
Jake Jeffries to second
Batting: SHB Jimmy Wilson 0-0: Called Strike
0-1: Ball
1-1: Swinging Strike
1-2: Foul Ball, location: 2F
1-2: Foul Ball, location: 2F
1-2: Ball
2-2: Ball
3-2: Strikes out swinging
Batting: LHB Geoffrey Bird 0-0: Called Strike
0-1: Ball
1-1: Swinging Strike
1-2: Strikes out looking
Top of the 7th over - 0 run(s), 0 hit(s), 0 error(s), 2 left on base; Stanford 1 - South Carolina 1
BOTTOM OF THE 7TH
South Carolina Gamecocks batting - Pitching for Stanford Cardinal : RHP Marc Miller
Pitching: RHP Gordon Young
Now at SS: Millard Long
Pinch Hitting: SHB Ron Sims 0-0: Foul Ball, location: 2F
0-1: Called Strike
0-2: Ball
1-2: Ball
2-2: SINGLE (Line Drive, 6MD)
Batting: RHB Rob DeWitt 0-0: Called Strike
0-1: Fly out, F9 (Flyball, 9)
Batting: RHB Edward Green 0-0: Called Strike
0-1: Ball
1-1: Called Strike
1-2: Strikes out swinging
Batting: LHB Bill Walter 0-0: Called Strike
Ron Sims steals 2nd base
0-1: Ball
1-1: Foul Ball, location: 2F
1-2: SINGLE (Flyball, 8LS)
Ron Sims to third
Runner from 3rd tries for Home, SAFE, no throw
Batting: LHB Chandler Pitts 0-0: Ball
1-0: Ball
2-0: Ball
3-0: Called Strike
3-1: Base on Balls
Bill Walter to second
Batting: RHB Fernando Pérez 0-0: Ball
1-0: Ball
2-0: Called Strike
2-1: Ball
3-1: Base on Balls
Bill Walter to third
Chandler Pitts to second
Pinch Hitting: RHB Scott Dixon 0-0: Called Strike
0-1: Fly out, F9 (Flyball, 9S)
Bottom of the 7th over - 1 run(s), 2 hit(s), 0 error(s), 3 left on base; Stanford 1 - South Carolina 2
TOP OF THE 8TH
Stanford Cardinal batting - Pitching for South Carolina Gamecocks : RHP Miguel Esquibel
Pitching: RHP Joseph Salinas
Now at C: Darrel Wise
Now at 2B: Scott Dixon
Now at SS: Ron Sims
Batting: RHB Fernando Vargas 0-0: Called Strike
0-1: Ball
1-1: Called Strike
1-2: Foul Ball, location: 2F
1-2: Ball
2-2: Foul Ball, location: 2F
2-2: Ball
3-2: Foul Ball, location: 2F
3-2: Base on Balls
Batting: RHB Rick McDonald 0-0: Ball
1-0: Foul Ball, location: 2F
1-1: Foul Ball, location: 2F
1-2: Foul Ball, location: 2F
1-2: Ball
2-2: Foul Ball, location: 2F
2-2: Ball
3-2: Foul Ball, location: 2F
3-2: SINGLE (Groundball, 4S) (infield hit)
Fernando Vargas to second
Batting: RHB Scott McGuire 0-0: Fly out, F8 (Flyball, 8LD)
Runner from 2nd tags up, SAFE at 3rd, no throw
Batting: RHB Jimmie Powell 0-0: Ball
1-0: Bunted foul
1-1: Called Strike
1-2: Foul Ball, location: 2F
1-2: Ball
2-2: Ball
3-2: Strikes out looking
Batting: RHB Millard Long 0-0: Swinging Strike
0-1: Fielders Choice at 2nd, 4-6 (Groundball, 4)
Top of the 8th over - 0 run(s), 1 hit(s), 0 error(s), 1 left on base; Stanford 1 - South Carolina 2
BOTTOM OF THE 8TH
South Carolina Gamecocks batting - Pitching for Stanford Cardinal : RHP Gordon Young
Batting: RHB José Martínez 0-0: Ball
1-0: Called Strike
1-1: Foul Ball, location: 2F
1-2: Strikes out swinging
Batting: RHB José Maldonado 0-0: Fly out, F9 (Line Drive, 9)
Batting: SHB Ron Sims 0-0: SINGLE (Groundball, 56D)
Batting: RHB Rob DeWitt 0-0: Called Strike
0-1: Ball
1-1: Ball
2-1: Foul Ball, location: 2F
2-2: Ball
3-2: SINGLE (Groundball, 6D)
Ron Sims to second
Ron Sims to third
Batting: RHB Edward Green 0-0: Foul Ball, location: 2F
0-1: Ball
1-1: Swinging Strike
1-2: Strikes out swinging
Bottom of the 8th over - 0 run(s), 2 hit(s), 0 error(s), 2 left on base; Stanford 1 - South Carolina 2
TOP OF THE 9TH
Stanford Cardinal batting - Pitching for South Carolina Gamecocks : RHP Joseph Salinas
Pitching: LHP José Carlos
Pinch Hitting: RHB Albert Abbott 0-0: Swinging Strike
0-1: Ground out 6-3 (Groundball, 6)
Batting: RHB Dylan Wolf 0-0: Called Strike
0-1: Foul Ball, location: 2F
0-2: Ball
1-2: Ball
2-2: Ball
3-2: Foul Ball, location: 2F
3-2: Strikes out swinging
Batting: SHB Jimmy Wilson 0-0: Ball
1-0: Ball
2-0: Ball
3-0: Called Strike
3-1: Ground out 4-3 (Groundball, 4)
Top of the 9th over - 0 run(s), 0 hit(s), 0 error(s), 0 left on base; Stanford 1 - South Carolina 2
Thursday, March 30th, 2017 - OOTP Baseball 17.12 Build 75